 Dungeon Crawl Stone Soup version 0.20-a0-828-gbdc6353 (webtiles) character file.

305596 M4edhros the Unseen (level 21, -6/156 HPs)
             Began as an Octopode Artificer on Mar 6, 2017.
             Was a Priest of Zin.
             Shot with an arrow by a deep elf archer (27 damage)
             ... on level 1 of the Elven Halls on Mar 7, 2017.
             The game lasted 02:31:11 (136271 turns).

M4edhros the Unseen (Octopode Artificer)          Turns: 136271, Time: 02:31:11

Health: -6/156     AC: 10    Str: 14    XL:     21   Next: 50%
Magic:  30/33      EV: 25    Int: 25    God:    Zin [***...]
Gold:   445        SH: 17    Dex: 22    Spells: 17/37 levels left

rFire    + + +     SeeInvis +   C - +5 hunting sling (freeze)
rCold    + . .     Gourm    .   c - +3 shield {AC+3}
rNeg     + . .     Faith    .   X - +2 hat {MR+}
rPois    +         Spirit   .   m - amulet of magic regeneration
rElec    .         Reflect  .   D - +5 ring of intelligence
rCorr    .         Harm     .   E - ring of Xom's Whimsicality {rF+ rC+ rN+ SInv}
MR       ++++.                  j - ring of Kadaetsu {MR+ Str+3 Int+4}
Stlth    +++++++++.             J - +3 ring of slaying
Regen    0.8/turn               (no ring)
MPRegen  0.4/turn               q - ring of protection from magic
                                n - ring of Puring {Slay+4 Stlth+}
                                (no ring)

@: very slightly contaminated, studying Long Blades, drained, very slow
A: almost no armour, stealthy swim, amphibious, 8 rings, constrict 8, iridescent
scales 1, yellow scales 1, camouflage 1, agile 1, fire resistance 2, mutation
resistance 1, sense surroundings 1, poison resistance, regeneration 1, wild
magic 1, gelatinous body 1
}: 1/15 runes: serpentine
a: Recite, Vitalisation, Imprison, Donate Gold, Renounce Religion


You were on level 1 of the Elven Halls.
You worshipped Zin.
Zin was most pleased with you.
You were near starving.

You visited 8 branches of the dungeon, and saw 36 of its levels.
You visited the Abyss 1 time.
You also visited: Bailey.

You collected 12621 gold pieces.
You spent 3219 gold pieces at shops.
You donated 160 gold pieces to Zin.
You paid 8797 gold pieces to Gozag.

Inventory:

Hand Weapons
 i - a +4 hunting sling of flaming
 o - a +0 blowgun
 r - a +2 scimitar of protection
 z - a +6 spear of piercing
 C - a +5 hunting sling of freezing (weapon)
Missiles
 h - 172 stones (quivered)
 w - 24 curare-tipped needles
 I - 171 sling bullets
Armour
 c - a +3 shield of protection (worn)
 X - a +2 hat of magic resistance (worn)
Jewellery
 j - the ring of Kadaetsu (on tentacle) {MR+ Str+3 Int+4}
   (You bought it in a shop on level 5 of the Lair of Beasts)

   [ring of protection from magic]

   It affects your strength (+3).
   It affects your intelligence (+4).
   It affects your resistance to hostile enchantments.
 m - an amulet of magic regeneration (around mantle)
 n - the ring of Puring (on tentacle) {Slay+4 Stlth+}
   (You bought it in a shop on level 5 of the Lair of Beasts)

   [ring of stealth]

   It affects your accuracy and damage with ranged weapons and melee attacks
   (+4).
   It makes you more stealthy.
 q - a ring of protection from magic (on tentacle)
 y - the ring of Uhad {Fire rPois}
   (You found it on level 14 of the Dungeon)

   [ring of fire]

   It enhances your fire magic.
   It protects you from fire.
   It makes you vulnerable to cold.
   It protects you from poison.
 D - a +5 ring of intelligence (left tentacle)
 E - the ring of Xom's Whimsicality (right tentacle) {rF+ rC+ rN+ SInv}
   (You took it off a death knight on level 15 of the Dungeon)

   [ring of positive energy]

   It protects you from fire.
   It protects you from cold.
   It protects you from negative energy.
   It lets you see invisible.
 J - a +3 ring of slaying (on tentacle)
Wands
 a - a wand of confusion (10/48)
 d - a wand of digging (11/24)
 l - a wand of confusion (0/48)
 x - a wand of confusion (14/48)
 B - a wand of scattershot (0/9)
 G - a wand of flame (25/48)
 U - a wand of acid (8/15)
 Y - a wand of confusion (6/48)
Scrolls
 g - 2 scrolls of amnesia
 p - 3 scrolls of teleportation
 u - 9 scrolls of remove curse
 A - 12 scrolls of identify
 F - 2 scrolls of enchant armour
 K - 2 scrolls of recharging
 N - 5 scrolls of magic mapping
 P - 3 scrolls of fog
 T - a scroll of enchant weapon
Potions
 e - 3 potions of lignification
 s - 2 potions of magic
 t - 2 potions of invisibility
 M - 2 potions of curing
 O - 4 potions of cancellation
 R - 2 potions of haste
 S - a potion of brilliance
 V - 6 potions of heal wounds
Books
 f - a manual of Long Blades
 L - Emilominat's Almanac of Creative Evil Magic
   (You found it on level 15 of the Dungeon)

   Spells                             Type                      Level
   a - Pain                           Necromancy                   1
   b - Summon Ice Beast               Ice/Summoning                4
   c - Animate Dead                   Necromancy                   4
   d - Aura of Abjuration             Summoning                    5
   e - Death Channel                  Necromancy                   6
 Q - a book of Annihilations

   Spells                             Type                      Level
   a - Poison Arrow                   Conjuration/Poison           6
   b - Chain Lightning                Conjuration/Air              8
   c - Lehudib's Crystal Spear        Conjuration/Earth            8
   d - Glaciate                       Conjuration/Ice              9
   e - Fire Storm                     Conjuration/Fire             9
Miscellaneous
 b - a phantom mirror
 W - a phial of floods
 Z - a fan of gales
Comestibles
 k - 3 fruits
 v - 5 meat rations
 H - a bread ration


   Skills:
 - Level 17.2 Fighting
   Level 1.0(7.6) Short Blades
 * Level 11.8 Long Blades
 - Level 13.1 Slings
 - Level 12.8 Dodging
 - Level 18.2(18.1) Stealth
 - Level 14.3(14.2) Shields
 - Level 8.5(8.4) Spellcasting
 - Level 6.0 Summonings
 - Level 6.2 Translocations
 - Level 5.2(5.1) Fire Magic
 - Level 5.2(5.1) Air Magic
 - Level 6.2 Poison Magic
 * Level 10.4(10.3) Invocations
 - Level 9.9 Evocations


You had 17 spell levels left.
You knew the following spells:

 Your Spells              Type           Power        Failure   Level  Hunger
a - Summon Forest         Summ/Tloc      ######....   24%         5    ####...
b - Ignite Poison         Fire/Tmut/Pois #####...     8%          3    None
c - Mephitic Cloud        Conj/Pois/Air  #####...     8%          3    None
d - Aura of Abjuration    Summ           ######....   24%         5    ####...
e - Animate Dead          Necr           N/A          75%         4    ##.....


Dungeon Overview and Level Annotations

Branches:
Dungeon (15/15)            Temple (1/1) D:7            Lair (6/6) D:11
  Swamp (4/4) Lair:2        Snake (4/4) Lair:3        Slime (0/5) Lair:5
    Orc (2/2) D:9             Elf (1/3) Orc:2        Vaults (3/5) D:13
 Depths (0/5) D:15
  Crypt: Vaults:2-3

Altars:
Ashenzari
Cheibriados
Dithmenos
Elyvilon
Fedhas
Gozag
Hepliaklqana
Kikubaaqudgha
Makhleb
Nemelex Xobeh
Okawaru
Qazlal
Ru
Sif Muna
Trog
Uskayaw
Vehumet
Wu Jian
Xom
Yredelemnul
Zin
The Shining One

Shops:
D:8 !?*   Temple =   Orc:1 *   Orc:2 [%((   Elf:1 =   Lair:5 =?   Lair:6 (
Swamp:2 [   Snake:1 *   Snake:2 !   Snake:3 (   Vaults:1 %

Annotations:
D:4 mora's ghost, amateur OgWr


Innate Abilities, Weirdness & Mutations

You cannot wear most types of armour.
You are very stealthy in the water. (Stealth+)
You are amphibious.
You can wear up to eight rings at the same time.
You can use your tentacles to constrict eight enemies at once.
Your skin changes colour to match your surroundings (Stealth+).
Your rubbery body absorbs attacks. (AC +1, EV +1)
You are partially covered in iridescent scales. (AC +2)
You are partially covered in yellow scales. (AC +2)
You are agile. (Dex +2)
Your flesh is very heat resistant. (rF++)
You are somewhat resistant to further mutation.
You passively map a small area around you.
Your system is resistant to poisons. (rPois)
Your natural rate of healing is unusually fast.
Your spells are a little harder to cast, but a little more powerful.


Message History

You kill the deep elf mage!
Firing (i - inventory. (,) - cycle):
h - 175 stones (quivered)
Press: ? - help, Shift-Dir - straight line, f/p - deep elf archer
Aim: a deep elf archer, wielding a shortbow and wearing a leather armour (moderately wounded, confused, repelling missiles)
You shoot a stone. The stone is repelled.
The deep elf archer seems less confused.
Firing (i - inventory. (,) - cycle):
h - 174 stones (quivered)
Press: ? - help, Shift-Dir - straight line, f/p - deep elf archer
Aim: a deep elf archer, wielding a shortbow and wearing a leather armour (moderately wounded, repelling missiles)
You shoot a stone. The stone hits the deep elf archer!
The stone freezes the deep elf archer.
The deep elf archer is heavily wounded.
The deep elf archer shoots an arrow.
The arrow hits you!!
* * * LOW HITPOINT WARNING * * *
Firing (i - inventory. (,) - cycle):
h - 173 stones (quivered)
Press: ? - help, Shift-Dir - straight line, f/p - deep elf archer
Aim: a deep elf archer, wielding a shortbow and wearing a leather armour (heavily wounded, repelling missiles)
You shoot a stone. The stone misses the deep elf archer.
The deep elf archer shoots an arrow.
The arrow hits you!!
You die...

')((((.)..).# #.........##.# #.
#####[(..#.)#####.........##.#
##
#....(..........##.....####'####
#.#.####+####.#.####.####.....##
..... , , #......### ##.....#'
...## , *,###....[# #..>....#
.>. ,, , , #....∩# ##.......#
.., * * ,#.....# #......... . ,
* ,#@....# ##.......# *
:.'.()))#..## #.......# *
[##(.)#(...## ##.....## ,
#((#.#....'## #.....# ...
e,#.####(## ###'### (. .#*#)#
##.## #.# . .( ..# ##.## #.# '##
.#(# ##.###'### , ,..,
##(##...##


You could see a deep elf archer.

Vanquished Creatures
  Gastronok (D:11)
  A sphinx (D:15)
  2 thorn hunters
  Kirke (Swamp:1)
  Donald (Elf:1)
  A storm dragon (D:13)
  10 nagarajas
  A fire giant (D:14)
  A deep elf sorcerer (Vaults:1)
  An orc warlord (Orc:2)
  4 vault wardens
  Aizul (Snake:1)
  6 ironheart preservers
  3 stone giants
  A deep elf annihilator (Elf:1)
  3 fire dragons (D:15)
  A deep elf death mage (Vaults:1)
  9 yaktaur captains
  5 vault guards
  An ice dragon (Vaults:1)
  2 great orbs of eyes
  Harold (Lair:4)
  3 rakshasas
  19 hydras
  17 naga warriors
  2 death knights
  2 ghost crabs (Swamp:4)
  10 ogre magi
  12 anacondas
  8 centaur warriors
  3 catoblepae (Lair:6)
  An alligator snapping turtle (shapeshifter) (D:15)
  34 two-headed ogres
  2 dancing weapons (Elf:1)
  10 alligators
  Urug (D:15)
  5 death yaks (Lair:6)
  16 naga sharpshooters
  4 tengu warriors
  7 deep elf knights
  6 shock serpents
  Sonja (Lair:4)
  4 salamander mystics
  An unseen horror (shapeshifter) (Vaults:1)
  A death drake (Swamp:4)
  5 deep elf archers
  2 deep trolls (Orc:2)
  A deep troll (shapeshifter) (D:14)
  A flayed ghost (Vaults:1)
  9 swamp dragons
  8 unseen horrors
  3 wizards
  3 phantasmal warriors
  11 naga ritualists
  A wolf spider zombie (D:15)
  An orb spider (shapeshifter) (D:15)
  3 ironbrand convokers
  15 orc knights
  2 orc sorcerers
  3 wolf spiders
  18 mana vipers
  A wolf spider (shapeshifter) (D:14)
  29 deep elf magi
  An oklob plant (Lair:6)
  9 salamanders
  4 manticores
  A moth of wrath (shapeshifter) (Vaults:2)
  39 ugly things
  A salamander (shapeshifter) (D:15)
  17 cyclopes
  2 elephants (shapeshifter)
  A guardian serpent (Snake:3)
  2 torpor snails (Lair:6)
  6 elephants (Lair:6)
  8 centaur zombies
  Joseph (D:9)
  4 gargoyles
  25 naga magi
  7 vault sentinels
  49 black mambas
  Psyche (D:9)
  14 spiny frogs
  A kobold demonologist (D:15)
  3 swamp worm zombies (Swamp:4)
  4 freezing wraiths
  An efreet (D:15)
  A komodo dragon (shapeshifter) (D:14)
  19 komodo dragons
  28 yaktaurs
  A merfolk (D:10)
  9 meliai
  15 trolls
  2 polar bears
  2 alligator zombies (Swamp:4)
  A wolf spider simulacrum (D:15)
  5 tyrant leeches
  8 bog bodies
  22 blink frogs
  8 hornets
  A meliai zombie (D:14)
  3 dream sheep (Lair:6)
  10 hippogriffs
  26 slime creatures
  An air elemental (Elf:1)
  A redback (Lair:5)
  5 spriggans
  10 wraiths
  5 shadows
  3 wyverns
  2 wyverns (shapeshifter)
  A human (D:13)
  A hog (shapeshifter) (Vaults:1)
  87 yaks
  A vampire (D:14)
  3 basilisks
  3 hogs (Swamp:1)
  20 vampire mosquitoes
  3 hungry ghosts
  2 steam dragons
  7 insubstantial wisps
  77 nagas
  2 acid dragons
  8 wargs
  10 water moccasins
  27 swamp worms
  9 porcupines
  A hornet zombie (D:15)
  A black bear (Lair:2)
  5 eyes of draining
  8 swamp drakes
  5 sky beasts
  7 ice beasts
  47 orc warriors
  A sky beast (shapeshifter) (D:15)
  39 ogres
  3 necrophages
  2 small abominations
  3 wolves (D:9)
  14 crocodiles
  16 centaurs
  6 big kobolds
  A gnoll sergeant (D:6)
  33 bullfrogs
  A bullfrog (shapeshifter) (D:15)
  2 earth elementals (Elf:1)
  6 scorpions
  A wyvern skeleton (D:14)
  A hornet simulacrum (D:14)
  A water moccasin skeleton (D:8)
  8 killer bees
  10 electric eels
  2 vampire bats (Lair:1)
  4 howler monkeys
  17 crimson imps
  A wyvern simulacrum (D:9)
  A yaktaur simulacrum (Vaults:1)
  4 bullfrog zombies
  6 jellies
  A quasit (D:14)
  21 orc priests
  22 orc wizards
  3 bullfrog skeletons
  12 centaur skeletons
  4 hounds
  Crazy Yiuf (D:3)
  6 hell rats (Lair:6)
  2 iguanas
  13 worker ants
  A hound zombie (D:9)
  A hound skeleton (D:10)
  13 adders
  13 gnolls
  2 shadow imps
  2 white imps (D:9)
  A worker ant simulacrum (D:9)
  An ufetubus (D:9)
  3 oozes
  An adder skeleton (D:6)
  2 adder zombies
  2 worms
  2 dart slugs (D:2)
  An adder simulacrum (D:9)
  6 leopard geckos
  85 orcs
  13 bats
  14 giant cockroaches
  10 goblins
  7 hobgoblins
  2 jackals (D:6)
  A kobold (shapeshifter) (D:15)
  40 kobolds
  6 quokkas
  A ball python (D:1)
  2 frilled lizards
  A leopard gecko skeleton (D:4)
  A rat (shapeshifter) (D:15)
  7 rats
  A fire vortex (Lair:3)
1576 creatures vanquished.

Vanquished Creatures (collateral kills)
  Josephine (Swamp:1)
  An unseen horror (Abyss:1)
  An ugly thing (D:14)
  A guardian serpent (Snake:2)
  2 hornets (Swamp:2)
  2 spriggans (Swamp:2)
  4 yaks
  4 orc warriors
  A scorpion (D:9)
  A crimson imp (D:6)
  An orc wizard (D:8)
  A worker ant simulacrum (D:9)
  An orc (Bailey)
  2 kobolds (Bailey)
23 creatures vanquished.

Vanquished Creatures (others)
  An alligator (Swamp:2)
  A deep elf knight (Elf:1)
  A spriggan druid (Swamp:4)
  A centaur skeleton (D:10)
  A spriggan (Swamp:4)
  2 humans (Swamp:1)
  An orc warrior (Bailey)
  A swamp drake (Swamp:1)
  A centaur (D:9)
  An ogre (Orc:2)
  A wolf (D:9)
  An electric eel (D:9)
  A wyvern simulacrum (D:9)
  A crimson imp (D:10)
  A jelly (D:6)
  A worker ant (D:4)
  A gnoll (D:6)
  A leopard gecko (D:10)
  2 fire vortices (D:10)
  10 fungi
  17 plants
48 creatures vanquished.

Grand Total: 1647 creatures vanquished

Notes
Turn   | Place    | Note
-------+----------+-------------------------------------------
     0 | D:1      | M4edhros the Octopode Artificer began the quest for the Orb.
     0 | D:1      | Reached XP level 1. HP: 13/13 MP: 3/3
     6 | D:1      | Noticed a salamander
     6 | D:1      | Noticed a wyvern
     7 | D:1      | Noticed a lindwurm
   171 | D:1      | Reached skill level 2 in Stealth
   261 | D:2      | Reached XP level 2. HP: 15/18 MP: 4/4
   281 | D:2      | Reached skill level 3 in Stealth
   516 | D:2      | You fall through a shaft for 2 floors!
   516 | D:4      | Found an iron altar of Okawaru.
   521 | D:4      | Found a stormy altar of Qazlal.
   619 | D:4      | Noticed mora's ghost (amateur OgWr)
   671 | D:3      | Noticed a scorpion
   678 | D:3      | Killed a scorpion
   678 | D:3      | Reached skill level 5 in Stealth
   678 | D:3      | Reached XP level 3. HP: 22/23 MP: 5/5
   678 | D:3      | Reached XP level 4. HP: 27/28 MP: 6/6
   702 | D:3      | Found a sacrificial altar of Ru.
   807 | D:4      | Reached skill level 6 in Stealth
   847 | D:4      | Reached skill level 7 in Stealth
   847 | D:4      | Reached XP level 5. HP: 23/33 MP: 7/7
   880 | D:4      | Reached skill level 8 in Stealth
   881 | D:4      | Found a burning altar of Makhleb.
   881 | D:4      | Found a hazy altar of Hepliaklqana.
   881 | D:4      | Found a deep blue altar of Sif Muna.
   902 | D:4      | Found a bloodstained altar of Trog.
  1103 | D:4      | Found an iron altar of Okawaru.
  1396 | D:5      | Entered Level 5 of the Dungeon
  1421 | D:5      | Noticed a centaur
  1423 | D:5      | Killed a centaur
  1423 | D:5      | Reached XP level 6. HP: 38/38 MP: 8/8
  1427 | D:5      | Reached skill level 9 in Stealth
  1635 | D:5      | Found an ornate altar of the Wu Jian Council.
  1755 | D:5      | Noticed a sky beast
  1767 | D:5      | Killed a sky beast
  1767 | D:5      | Reached skill level 10 in Stealth
  1767 | D:5      | Reached XP level 7. HP: 14/43 MP: 9/9
  2669 | D:6      | Reached skill level 11 in Stealth
  2880 | D:6      | Reached skill level 12 in Stealth
  2903 | D:6      | Reached XP level 8. HP: 25/48 MP: 10/10
  3225 | D:6      | HP: 2/48 [bullfrog (6)]
  3700 | D:6      | Reached skill level 13 in Stealth
  3920 | D:7      | Found a glowing golden altar of the Shining One.
  3982 | D:7      | Reached skill level 14 in Stealth
  3988 | D:7      | Found a flagged portal.
  4072 | D:7      | Found a staircase to the Ecumenical Temple.
  4081 | Temple   | Entered the Ecumenical Temple
  4146 | Temple   | Became a worshipper of Xom of Chaos
  4278 | Bailey   | Entered a bailey
  4375 | Bailey   | Noticed an orc knight
  4607 | Bailey   | XOM: harmless Tloc miscast
  4618 | Bailey   | XOM: divination: detect items
  4624 | Bailey   | XOM: butterfly on damage
  4898 | Bailey   | XOM: potion effect (heal wounds)
  4911 | Bailey   | Reached XP level 9. HP: 33/53 MP: 11/11
  4929 | Bailey   | Reached skill level 15 in Stealth
  5256 | Bailey   | XOM: divination: detect creatures
  5258 | Bailey   | XOM: divination: detect creatures
  5260 | Bailey   | Killed an orc knight
  5263 | Bailey   | XOM: divination: detect items
  5270 | Bailey   | Killed an orc warrior
  5270 | Bailey   | Reached skill level 16 in Stealth
  5279 | Bailey   | XOM: butterfly on damage
  5324 | Bailey   | XOM: cloud trail
  5640 | Bailey   | XOM: mild Tmut miscast
  5873 | Temple   | XOM: mild Air miscast
  5989 | Temple   | XOM: divination: magic mapping
  6617 | Temple   | XOM is BORED!
  6617 | Temple   | XOM: mild Tloc miscast
  6891 | Temple   | XOM: medium Pois miscast
  8148 | Temple   | XOM: mild Air miscast
  8460 | D:7      | XOM: divination: magic mapping
  8462 | D:7      | XOM: potion effect (brilliance)
  8534 | D:7      | XOM: cleaving
  8536 | D:7      | Reached skill level 17 in Stealth
  8866 | Temple   | XOM is BORED!
  8866 | Temple   | XOM: severe Tloc miscast
  8866 | Temple   | Cast into level 1 of the Abyss (the severe capriciousness of Xom)
  8895 | Abyss:1  | Noticed a sun demon
  8925 | Abyss:1  | Noticed a wretched star
  8928 | Abyss:1  | Noticed a tentacled starspawn
  8937 | Abyss:1  | Noticed a worldbinder
  8939 | Abyss:1  | Noticed a starcursed mass
  8945 | Abyss:1  | XOM: fog
  8956 | Abyss:1  | Killed an unseen horror
  8964 | Abyss:1  | XOM: blink monster(s)
  8966 | Abyss:1  | Noticed a white draconian
  8967 | Abyss:1  | XOM: potion effect (agility)
  8975 | Temple   | Escaped the Abyss
  9361 | Temple   | XOM: give mutation
  9361 | Temple   | Gained mutation: You can translocate small distances at will. [Xom's mischief]
 10720 | Temple   | XOM: scenery: create altars
 11762 | Temple   | XOM: give mutation
 11762 | Temple   | Gained mutation: You are somewhat resistant to further mutation. [Xom's grace]
 12015 | Temple   | XOM: mild Tmut miscast
 12263 | Temple   | XOM is BORED!
 12263 | Temple   | XOM: mild Chrm miscast
 12289 | Temple   | XOM: silly message
 12354 | Temple   | XOM: mild Tmut miscast
 12598 | Temple   | XOM: divination: detect items
 12676 | Temple   | XOM: god gift: 27 gold pieces
 13130 | Temple   | XOM is BORED!
 13130 | Temple   | XOM: mild Air miscast
 14140 | Temple   | XOM: cloud trail
 14575 | Temple   | XOM: give mutations
 14575 | Temple   | Gained mutation: One of your tentacles bears a spike. [Xom's grace]
 14575 | Temple   | Gained mutation: You are somewhat resistant to both further mutation and mutation removal. [Xom's grace]
 14575 | Temple   | Gained mutation: You are almost entirely resistant to further mutation and mutation removal. [Xom's grace]
 14633 | Temple   | XOM: 1-stop teleportation journey
 14775 | D:7      | XOM: cloud trail
 15070 | D:3      | XOM: scenery: create altars
 15413 | Temple   | XOM: give mutations
 15413 | Temple   | Gained mutation: You are surrounded by a mild repulsion field. (EV +2) [Xom's grace]
 15413 | Temple   | Gained mutation: You are agile. (Dex +2) [Xom's grace]
 15413 | Temple   | Lost mutation: You are almost entirely resistant to further mutation and mutation removal. [Xom's grace]
 15413 | Temple   | Lost mutation: You are somewhat resistant to both further mutation and mutation removal. [Xom's grace]
 15413 | Temple   | Lost mutation: You are somewhat resistant to further mutation. [Xom's grace]
 15413 | Temple   | Gained mutation: You evolve. [Xom's grace]
 15413 | Temple   | Gained mutation: You passively map a small area around you. [Xom's grace]
 15613 | Temple   | XOM: give mutation
 15613 | Temple   | Gained mutation: Your natural rate of healing is unusually fast. [Xom's grace]
 15615 | Temple   | XOM: god gift: robe {god gift}
 15904 | Temple   | XOM: give mutations
 15904 | Temple   | Gained mutation: You heal very quickly. [Xom's grace]
 15904 | Temple   | Gained mutation: You have an increased reservoir of magic. (+10% MP) [Xom's grace]
 16023 | Temple   | XOM: god gift: 19 gold pieces
 16154 | Temple   | Gained mutation: You are robust. (+10% HP) [evolution]
 16846 | Temple   | XOM is BORED!
 16846 | Temple   | XOM: give mutations
 16846 | Temple   | Lost mutation: You are robust. (+10% HP) [Xom's mischief]
 16846 | Temple   | Lost mutation: You are agile. (Dex +2) [Xom's mischief]
 16846 | Temple   | Lost mutation: One of your tentacles bears a spike. [Xom's mischief]
 16846 | Temple   | Gained mutation: You are clumsy. (Dex -2) [Xom's mischief]
 17119 | Temple   | XOM: scenery: create altars
 17979 | Temple   | XOM: divination: detect items
 18513 | Temple   | XOM: 1-stop teleportation journey
 18583 | Temple   | XOM: god gift: scroll labeled TAS MOBIEDI {god gift}
 19032 | Temple   | XOM: cloud trail
 19519 | Temple   | XOM: 3-stop teleportation journey
 19702 | Temple   | XOM: medium Conj miscast
 20264 | D:3      | Reached XP level 10. HP: 58/58 MP: 13/13
 20291 | D:3      | XOM: god gift: rapier {god gift}
 20952 | Temple   | XOM: harmless Fire miscast
 20984 | Temple   | XOM: god gift: glowing mace {god gift}
 21053 | Temple   | XOM is BORED!
 21053 | Temple   | XOM: give mutation
 21053 | Temple   | Lost mutation: You have an increased reservoir of magic. (+10% MP) [Xom's mischief]
 21702 | Temple   | XOM is BORED!
 22226 | Temple   | XOM: harmless Ice miscast
 22284 | Temple   | XOM: give mutations
 22284 | Temple   | Lost mutation: You heal very quickly. [Xom's mischief]
 22284 | Temple   | Lost mutation: You are surrounded by a mild repulsion field. (EV +2) [Xom's mischief]
 22284 | Temple   | Gained mutation: You occasionally shout uncontrollably at your foes. [Xom's mischief]
 23305 | Temple   | XOM: give mutations
 23305 | Temple   | Gained mutation: You possess an exceptional clarity of mind. [Xom's grace]
 23305 | Temple   | Gained mutation: One of your tentacles bears a spike. [Xom's grace]
 23305 | Temple   | Gained mutation: Your system is resistant to poisons. (rPois) [Xom's grace]
 23305 | Temple   | Gained mutation: You have a pair of small antennae on your head. [Xom's grace]
 23905 | D:3      | Reached skill level 18 in Stealth
 24105 | Temple   | XOM: summons 2 hostile demons
 24260 | Temple   | XOM: divination: detect creatures
 24318 | Temple   | XOM: god gift: blowgun {god gift}
 24570 | Temple   | XOM: noise
 24963 | Temple   | XOM: mild Pois miscast
 25144 | Temple   | XOM: stat loss: -1 Str (10/11)
 25175 | Temple   | XOM: give mutations
 25175 | Temple   | Lost mutation: You are clumsy. (Dex -2) [Xom's mischief]
 25579 | Temple   | XOM: silly message
 25591 | Temple   | XOM: mild Conj miscast
 25810 | Temple   | XOM: summons 1 hostile demon
 26209 | Temple   | XOM: medium Ice miscast
 26508 | Temple   | XOM: summons 5 hostile demons
 26659 | D:3      | XOM: divination: magic mapping
 26667 | D:3      | Found a runed door.
 26791 | D:3      | Noticed Crazy Yiuf
 26795 | D:3      | Killed Crazy Yiuf
 27571 | Temple   | XOM: god gift: book of Party Tricks
 27773 | Temple   | XOM: god gift: 2 puce potions {god gift}
 27994 | Temple   | Lost mutation: One of your tentacles bears a spike. [potion of mutation]
 27994 | Temple   | Lost mutation: You have a pair of small antennae on your head. [potion of mutation]
 27994 | Temple   | Lost mutation: You occasionally shout uncontrollably at your foes. [potion of mutation]
 27994 | Temple   | Lost mutation: Your system is resistant to poisons. (rPois) [potion of mutation]
 27994 | Temple   | Lost mutation: You possess an exceptional clarity of mind. [potion of mutation]
 27994 | Temple   | Gained mutation: You are robust. (+10% HP) [potion of mutation]
 27994 | Temple   | Gained mutation: Your body sometimes deteriorates upon taking damage. [potion of mutation]
 27994 | Temple   | Gained mutation: You are resistant to hostile enchantments. (MR+) [potion of mutation]
 28638 | Temple   | XOM: give mutations
 28638 | Temple   | Gained mutation: You possess an exceptional clarity of mind. [Xom's grace]
 28638 | Temple   | Gained mutation: Your mind is acute. (Int +2) [Xom's grace]
 28638 | Temple   | Gained mutation: Your muscles are strong. (Str +2) [Xom's grace]
 28638 | Temple   | Gained mutation: You are resistant to electric shocks. (rElec) [Xom's grace]
 28651 | Temple   | XOM: scenery: create altars
 29082 | Temple   | XOM: give mutation
 29082 | Temple   | Gained mutation: You are partially covered in molten scales. (AC +2) [Xom's grace]
 29340 | Temple   | XOM: god gift: wand of paralysis (?/24) {god gift}
 29406 | Temple   | XOM: give mutations
 29406 | Temple   | Lost mutation: Your mind is acute. (Int +2) [Xom's mischief]
 29406 | Temple   | Lost mutation: You evolve. [Xom's mischief]
 29406 | Temple   | Gained mutation: Your spells are a little harder to cast, but a little more powerful. [Xom's mischief]
 29406 | Temple   | Lost mutation: You are robust. (+10% HP) [Xom's mischief]
 30054 | D:1      | XOM: harmless Tmut miscast
 31446 | Temple   | XOM: harmless Erth miscast
 31610 | Temple   | XOM is BORED!
 31610 | Temple   | XOM: noise
 32232 | Temple   | XOM: give mutations
 32232 | Temple   | Gained mutation: You are agile. (Dex +2) [Xom's grace]
 32232 | Temple   | Gained mutation: You are highly resistant to hostile enchantments. (MR++) [Xom's grace]
 32472 | Temple   | XOM: harmless Ice miscast
 33023 | Temple   | XOM is BORED!
 33221 | Temple   | XOM: give mutations
 33221 | Temple   | Lost mutation: Your muscles are strong. (Str +2) [Xom's mischief]
 33221 | Temple   | Lost mutation: You passively map a small area around you. [Xom's mischief]
 33221 | Temple   | Lost mutation: You are highly resistant to hostile enchantments. (MR++) [Xom's mischief]
 33431 | D:1      | XOM: summons 5 hostile demons
 33451 | D:1      | XOM: medium Ice miscast
 33906 | D:8      | XOM: god gift: 6 stones
 33980 | D:8      | Found Deriq's Magic Scroll Boutique.
 34022 | D:8      | Noticed a two-headed ogre
 34029 | D:8      | Killed a two-headed ogre
 34072 | D:8      | Found Tuxoal's Distillery.
 34105 | D:8      | XOM: 1-stop teleportation journey
 34170 | D:8      | XOM: scenery: 1 doors open, 2 doors close
 34206 | D:8      | XOM: scenery: create altars
 34422 | Temple   | XOM: give mutation
 34422 | Temple   | Gained mutation: You are somewhat resistant to further mutation. [Xom's grace]
 34982 | Temple   | XOM: divination: detect creatures
 35329 | Temple   | XOM is BORED!
 35329 | Temple   | XOM: mild Fire miscast
 35347 | Temple   | XOM: divination: detect creatures
 35544 | Temple   | XOM: god gift: runed hat {god gift}
 36796 | Temple   | XOM: mild Tloc miscast
 36796 | Temple   | XOM: smoke on damage
 36984 | Temple   | XOM: god gift: 7 javelins of returning
 37018 | Temple   | XOM: god gift: fan of gales
 37501 | Temple   | XOM is BORED!
 37605 | Temple   | XOM: cloud trail
 37629 | Temple   | XOM: give mutation
 37629 | Temple   | Lost mutation: Your body sometimes deteriorates upon taking damage. [Xom's mischief]
 37725 | D:8      | Found Koiwk's General Store.
 37806 | D:8      | Found a glowing golden altar of the Shining One.
 37809 | D:8      | Found a radiant altar of Vehumet.
 37814 | D:8      | Found a glowing silver altar of Zin.
 37987 | D:8      | Found a white marble altar of Elyvilon.
 38127 | D:8      | XOM: summons friendly shadow imp
 38170 | D:8      | Bought a potion of heal wounds for 60 gold pieces
 38554 | D:8      | XOM: polymorph orc warrior -> worker ant
 38593 | D:8      | XOM: summons 1 hostile demon
 39572 | Temple   | XOM: god gift: 16 gold pieces
 39645 | Temple   | XOM: silly message
 39717 | Temple   | XOM: harmless Conj miscast
 40222 | Temple   | XOM: god gift: 11 royal jellies
 40267 | Temple   | XOM is BORED!
 40964 | Temple   | XOM: god gift: whip {god gift}
 41262 | Temple   | XOM: give mutation
 41262 | Temple   | Lost mutation: Your spells are a little harder to cast, but a little more powerful. [Xom's mischief]
 41586 | Temple   | XOM: medium Conj miscast
 42037 | Temple   | XOM: harmless Air miscast
 42927 | Temple   | XOM: god gift: 55 gold pieces
 42961 | Temple   | XOM: scenery: create altars
 43617 | Temple   | XOM: mild Conj miscast
 44026 | Temple   | XOM: give mutations
 44026 | Temple   | Gained mutation: Scrolls take you a little longer to read. [Xom's mischief]
 44026 | Temple   | Lost mutation: You are agile. (Dex +2) [Xom's mischief]
 44026 | Temple   | Gained mutation: You are frail. (-10% HP) [Xom's mischief]
 44026 | Temple   | Gained mutation: You are weak. (Str -2) [Xom's mischief]
 44444 | Temple   | XOM is BORED!
 44444 | Temple   | XOM: summons 5 hostile demons
 46572 | Temple   | XOM: give mutation
 46572 | Temple   | Gained mutation: One of your tentacles bears a spike. [Xom's grace]
 46678 | Temple   | XOM: summons 5 hostile demons
 46680 | D:7      | XOM: give mutations
 46680 | D:7      | Lost mutation: You possess an exceptional clarity of mind. [Xom's mischief]
 46680 | D:7      | Lost mutation: You are resistant to electric shocks. (rElec) [Xom's mischief]
 46779 | D:7      | XOM: summons 5 hostile demons
 47205 | Temple   | XOM: give mutation
 47205 | Temple   | Gained mutation: Your body sometimes deteriorates upon taking damage. [Xom's mischief]
 47916 | Temple   | XOM: noise
 48125 | Temple   | XOM: harmless Air miscast
 48975 | D:9      | Noticed Joseph
 48981 | D:9      | Killed Joseph
 49031 | D:8      | XOM: summons 10 friendly demons
 49056 | D:7      | XOM: medium Ice miscast
 49221 | Temple   | XOM is BORED!
 49221 | Temple   | XOM: noise
 49724 | Temple   | XOM: scenery: create altars
 50029 | Temple   | XOM: harmless Ice miscast
 50241 | Temple   | XOM is BORED!
 50241 | Temple   | XOM: medium Fire miscast
 50925 | Temple   | XOM: silly message
 51706 | D:9      | XOM: smoke on damage
 51730 | D:9      | Reached skill level 5 in Shields
 52380 | Temple   | XOM: noise
 52579 | Temple   | XOM is BORED!
 53367 | Temple   | XOM: give mutations
 53367 | Temple   | Gained mutation: You are agile. (Dex +2) [Xom's grace]
 53367 | Temple   | Gained mutation: Your flesh is heat resistant. (rF+) [Xom's grace]
 53367 | Temple   | Gained mutation: You possess an exceptional clarity of mind. [Xom's grace]
 53367 | Temple   | Gained mutation: You are resistant to electric shocks. (rElec) [Xom's grace]
 53778 | Temple   | XOM: summons 1 hostile demon
 53979 | Temple   | XOM: medium Pois miscast
 54109 | Temple   | XOM: mild Conj miscast
 55088 | D:9      | XOM: fake destruction
 55116 | D:9      | Noticed Psyche
 55121 | D:9      | Killed Psyche
 55121 | D:9      | Reached XP level 11. HP: 62/62 MP: 13/13
 55162 | D:9      | Found a staircase to the Orcish Mines.
 55245 | D:9      | Reached skill level 1 in Slings
 55245 | D:9      | Reached skill level 5 in Dodging
 55261 | D:9      | XOM: mild Pois miscast
 55860 | Temple   | XOM: harmless Necr miscast
 57071 | Temple   | XOM is BORED!
 57071 | Temple   | XOM: stat loss: -3 Int (17/20)
 57490 | Temple   | XOM: god gift: 59 gold pieces
 57729 | Temple   | XOM: god gift: 6 needles of confusion
 57741 | Temple   | XOM: divination: detect creatures
 58065 | Temple   | XOM: god gift: scroll of enchant weapon
 58241 | Temple   | XOM is BORED!
 58241 | Temple   | XOM: mild Conj miscast
 58427 | Temple   | XOM: medium Fire miscast
 58762 | Temple   | XOM: cloud trail
 58865 | D:9      | XOM: stat loss: -1 Int (16/20)
 59173 | D:10     | Entered Level 10 of the Dungeon
 59209 | D:10     | Noticed a two-headed ogre
 59215 | D:10     | Killed a two-headed ogre
 59312 | D:10     | Noticed a tengu warrior
 59374 | D:10     | Reached skill level 5 in Fighting
 59391 | D:10     | Noticed a two-headed ogre
 59443 | D:10     | Identified Fosoh's Tome of Conjuration and Clay
 59447 | D:10     | Noticed a centaur warrior
 59447 | D:10     | XOM: medium Hex miscast
 59480 | D:10     | XOM: cast spell 'Shadow Creatures'
 59482 | D:10     | XOM: cast spell 'Necromutation'
 59484 | D:10     | Killed a tengu warrior
 59487 | D:10     | Killed a centaur warrior
 59487 | D:10     | Reached skill level 5 in Slings
 59487 | D:10     | XOM: enchant monster (good)
 59518 | D:10     | XOM: harmless Tloc miscast
 60060 | Temple   | XOM: severe Chrm miscast
 60251 | Temple   | XOM: silly message
 60476 | Temple   | XOM: god gift: 14 gold pieces
 60553 | Temple   | XOM: mild Hex miscast
 60983 | Temple   | XOM: divination: magic mapping
 61044 | Temple   | XOM: harmless Hex miscast
 61073 | Temple   | XOM: harmless Tloc miscast
 61157 | Temple   | XOM is BORED!
 61157 | Temple   | XOM: mild Tmut miscast
 61538 | Temple   | XOM: harmless Necr miscast
 62934 | Temple   | XOM: torment (33/64 hp)
 63015 | D:10     | Noticed Erolcha
 63023 | D:10     | XOM: butterfly on damage
 63024 | D:10     | XOM: 5-stop teleportation journey
 63077 | D:10     | XOM: 1-stop teleportation journey
 63247 | D:10     | Noticed Erolcha
 63247 | D:10     | Erolcha changed into Erolcha the polar bear
 63247 | D:10     | XOM: polymorph Erolcha -> Erolcha the polar bear
 63252 | D:10     | Killed Erolcha the polar bear
 63352 | D:10     | XOM: mild Fire miscast
 63383 | D:10     | Killed a two-headed ogre
 63606 | D:10     | XOM: enchant monster (bad)
 63613 | D:10     | Reached XP level 12. HP: 41/71 MP: 14/14
 63975 | D:11     | XOM: mild Air miscast
 64006 | D:11     | Noticed Gastronok
 64014 | D:11     | XOM: confuse monster(s)
 64029 | D:11     | Killed Gastronok
 65635 | Temple   | XOM: torment (37/72 hp)
 65806 | Temple   | XOM: give mutation
 65806 | Temple   | Lost mutation: You are partially covered in molten scales. (AC +2) [Xom's mischief]
 65935 | Temple   | XOM: scenery: create altars
 66497 | Temple   | XOM: cloud trail
 66967 | Temple   | XOM: give mutations
 66967 | Temple   | Gained mutation: Your mind is acute. (Int +2) [Xom's grace]
 66967 | Temple   | Gained mutation: You are covered in fur. (AC +1) [Xom's grace]
 67097 | Temple   | XOM: scenery: create altars
 67424 | Temple   | XOM: divination: detect items
 68120 | D:11     | Found a staircase to the Lair.
 68140 | D:11     | XOM: smoke on damage
 68249 | D:11     | Noticed a two-headed ogre
 68261 | D:11     | Killed a two-headed ogre
 68550 | D:12     | Noticed a four-headed hydra
 68560 | D:12     | XOM: harmless Hex miscast
 68562 | D:12     | Killed a four-headed hydra
 68563 | D:12     | XOM: swap monsters
 68595 | D:12     | XOM: harmless Chrm miscast
 68636 | D:12     | XOM: smoke on damage
 68827 | D:12     | Noticed a centaur warrior
 68836 | D:12     | Killed a centaur warrior
 68893 | D:12     | XOM: divination: detect creatures
 68994 | D:10     | XOM: god gift: scroll of teleportation
 69066 | D:7      | XOM: scenery: 1 doors close
 70218 | Temple   | XOM: cloud trail
 70287 | Temple   | XOM: scenery: create altars
 70294 | Temple   | XOM: divination: detect creatures
 70559 | Temple   | XOM: harmless Erth miscast
 72874 | D:12     | XOM: summons 2 hostile shadow creatures
 72911 | D:12     | XOM: silly message
 72942 | D:12     | XOM: medium Tmut miscast
 72964 | D:12     | XOM: summons 1 hostile demon
 73225 | D:12     | XOM: silly message
 74116 | Temple   | XOM: harmless Conj miscast
 74217 | Temple   | XOM: silly message
 74632 | Temple   | XOM: give mutations
 74632 | Temple   | Gained mutation: Your spells are a little harder to cast, but a little more powerful. [Xom's grace]
 74632 | Temple   | Gained mutation: You have a pair of small antennae on your head. [Xom's grace]
 74632 | Temple   | Gained mutation: Your flesh is cold resistant. (rC+) [Xom's grace]
 74632 | Temple   | Gained mutation: You are partially covered in iridescent scales. (AC +2) [Xom's grace]
 75022 | Temple   | XOM: cloud trail
 75044 | Temple   | XOM: silly message
 75127 | Temple   | XOM: god gift: scorched hat {god gift}
 75128 | Temple   | Got a scorched hat {god gift}
 75134 | Temple   | XOM: god gift: 21 bolts
 75139 | Temple   | Identified the +1 hat "Qezoly" {rN+++ Str-3} (Xom gifted it to you in the Ecumenical Temple)
 75304 | Temple   | XOM: 1-stop teleportation journey
 75445 | Temple   | XOM: give mutations
 75445 | Temple   | Gained mutation: Your spells are harder to cast, but more powerful. [Xom's grace]
 75445 | Temple   | Gained mutation: One of your tentacles bears a nasty spike. [Xom's grace]
 75493 | Temple   | XOM is BORED!
 75493 | Temple   | XOM: medium Fire miscast
 75890 | Temple   | XOM: cloud trail
 76065 | Temple   | XOM: god gift: 20 arrows
 76071 | Temple   | XOM: divination: detect items
 76224 | Temple   | XOM: give mutations
 76224 | Temple   | Gained mutation: You passively map a small area around you. [Xom's grace]
 76224 | Temple   | Gained mutation: You have a pair of antennae on your head. [Xom's grace]
 76224 | Temple   | Gained mutation: Your spells are much harder to cast, but much more powerful. [Xom's grace]
 76450 | Temple   | XOM: severe Fire miscast
 76756 | Temple   | XOM: god gift: wand of lightning (?/15) {god gift}
 76958 | Temple   | XOM: god gift: 26 gold pieces
 77028 | Temple   | XOM: scenery: create altars
 77310 | Temple   | XOM: give mutations
 77310 | Temple   | Lost mutation: Scrolls take you a little longer to read. [Xom's mischief]
 77310 | Temple   | Lost mutation: Your spells are much harder to cast, but much more powerful. [Xom's mischief]
 77310 | Temple   | Lost mutation: You are resistant to hostile enchantments. (MR+) [Xom's mischief]
 77310 | Temple   | Lost mutation: You are frail. (-10% HP) [Xom's mischief]
 77546 | D:13     | XOM: swap monsters
 77737 | D:13     | XOM: harmless Conj miscast
 77743 | D:13     | Reached XP level 13. HP: 81/88 MP: 15/15
 77750 | D:13     | Reached skill level 10 in Slings
 77798 | D:13     | XOM: divination: magic mapping
 77958 | D:11     | XOM: god gift: 27 gold pieces
 77968 | D:11     | XOM: harmless Erth miscast
 78121 | Temple   | XOM: divination: detect creatures
 78771 | Temple   | XOM: cloud trail
 78993 | Temple   | XOM: divination: detect items
 79025 | Temple   | XOM: harmless Air miscast
 79751 | Temple   | XOM is BORED!
 79751 | Temple   | XOM: give mutations
 79751 | Temple   | Lost mutation: You are somewhat resistant to further mutation. [Xom's mischief]
 79751 | Temple   | Lost mutation: One of your tentacles bears a nasty spike. [Xom's mischief]
 79751 | Temple   | Lost mutation: Your mind is acute. (Int +2) [Xom's mischief]
 79751 | Temple   | Lost mutation: You can translocate small distances at will. [Xom's mischief]
 81021 | Temple   | XOM: give mutations
 81021 | Temple   | Lost mutation: You are covered in fur. (AC +1) [Xom's mischief]
 81021 | Temple   | Lost mutation: You passively map a small area around you. [Xom's mischief]
 81415 | D:10     | XOM is BORED!
 81415 | D:10     | XOM: medium Conj miscast
 81455 | D:12     | XOM: god gift: fan of gales
 81565 | D:13     | XOM: divination: detect items
 81587 | D:13     | XOM: god gift: meat ration
 81826 | D:13     | XOM: potion effect (brilliance)
 81827 | D:13     | XOM: swap monsters
 81975 | D:13     | XOM: give mutations
 81975 | D:13     | Lost mutation: You are agile. (Dex +2) [Xom's mischief]
 81975 | D:13     | Lost mutation: Your natural rate of healing is unusually fast. [Xom's mischief]
 82070 | D:13     | XOM: harmless Chrm miscast
 82116 | D:13     | XOM: swap monsters
 82117 | D:13     | Noticed a vault guard
 82154 | D:13     | XOM: chaos cloud
 82159 | D:13     | Killed a vault guard
 82163 | D:13     | Noticed a vault guard
 82176 | D:13     | Killed a vault guard
 82187 | D:13     | XOM: blink monster(s)
 82188 | D:13     | Noticed a vault guard
 82189 | D:13     | XOM: noise
 82190 | D:13     | Reached skill level 5 in Evocations
 82199 | D:13     | Noticed a vault guard
 82204 | D:13     | Killed a vault guard
 82213 | D:13     | Noticed a storm dragon
 82213 | D:13     | a vault guard changed into a storm dragon
 82213 | D:13     | XOM: polymorph vault guard -> storm dragon
 82482 | D:13     | XOM: summons 2 friendly demons
 83342 | Temple   | XOM: mild Necr miscast
 83875 | Temple   | XOM: give mutation
 83875 | Temple   | Lost mutation: You possess an exceptional clarity of mind. [Xom's mischief]
 84322 | Temple   | XOM: give mutation
 84322 | Temple   | Gained mutation: You are frail. (-10% HP) [Xom's mischief]
 85086 | Temple   | XOM: god gift: 13 stones
 85155 | Temple   | XOM: mild Tloc miscast
 85971 | Temple   | XOM: cloud trail
 86366 | Temple   | XOM: mild Summ miscast
 86981 | Temple   | XOM is BORED!
 87229 | Temple   | XOM: give mutations
 87229 | Temple   | Lost mutation: One of your tentacles bears a spike. [Xom's mischief]
 87229 | Temple   | Lost mutation: Your body sometimes deteriorates upon taking damage. [Xom's mischief]
 87229 | Temple   | Gained mutation: You are very weak. (Str -4) [Xom's mischief]
 87229 | Temple   | Lost mutation: Your spells are harder to cast, but more powerful. [Xom's mischief]
 87378 | Temple   | XOM: god gift: 36 gold pieces
 88053 | Temple   | XOM: scenery: create altars
 89183 | D:9      | XOM: stat loss: -1 Dex (13/16)
 89303 | D:13     | XOM: enchant monster (bad)
 89324 | D:13     | Killed a storm dragon
 89370 | D:13     | Found a gate to the Vaults.
 89428 | D:13     | XOM: mild Fire miscast
 89511 | D:13     | Lost mutation: You are very weak. (Str -4) [potion of mutation]
 89511 | D:13     | Lost mutation: You are weak. (Str -2) [potion of mutation]
 89511 | D:13     | Lost mutation: You are frail. (-10% HP) [potion of mutation]
 89511 | D:13     | Lost mutation: Your flesh is cold resistant. (rC+) [potion of mutation]
 89511 | D:13     | Lost mutation: You have a pair of antennae on your head. [potion of mutation]
 89511 | D:13     | Lost mutation: Your spells are a little harder to cast, but a little more powerful. [potion of mutation]
 89511 | D:13     | Gained mutation: You are somewhat resistant to further mutation. [potion of mutation]
 89511 | D:13     | Gained mutation: You are partially covered in yellow scales. (AC +2) [potion of mutation]
 89532 | D:13     | XOM: scenery: create altars
 89551 | D:13     | HP: 2/135 [centaur/enchanted shortbow (6)]
 89552 | D:13     | XOM: swap monsters
 89554 | D:13     | XOM: chaos upgrade
 89644 | D:13     | XOM: noise
 89647 | D:13     | XOM: harmless Summ miscast
 89674 | D:13     | XOM: summons 6 hostile demons
 89700 | D:13     | XOM: mild Hex miscast
 89802 | Orc:1    | Entered Level 1 of the Orcish Mines
 90375 | Temple   | XOM: give mutations
 90375 | Temple   | Gained mutation: You are frail. (-10% HP) [Xom's mischief]
 90492 | Temple   | XOM: harmless Air miscast
 90528 | Temple   | XOM: severe Conj miscast
 90571 | Temple   | XOM: mild Air miscast
 91201 | Temple   | XOM: harmless Tloc miscast
 91202 | Temple   | XOM: medium Tmut miscast
 91324 | Temple   | XOM: harmless Necr miscast
 92133 | Temple   | XOM: harmless Pois miscast
 92223 | Temple   | XOM: mild Chrm miscast
 92314 | Temple   | XOM: cloud trail
 92336 | Temple   | XOM: mild Necr miscast
 92406 | Temple   | XOM: cloud trail
 94147 | Temple   | XOM: give mutations
 94147 | Temple   | Gained mutation: Your system is resistant to poisons. (rPois) [Xom's grace]
 94147 | Temple   | Gained mutation: You passively map a small area around you. [Xom's grace]
 94147 | Temple   | Gained mutation: Your spells are a little harder to cast, but a little more powerful. [Xom's grace]
 94551 | Temple   | XOM: mild Tmut miscast
 94552 | Temple   | XOM: harmless Necr miscast
 95105 | Temple   | XOM is BORED!
 95105 | Temple   | XOM: medium Summ miscast
 95268 | D:7      | XOM: mild Chrm miscast
 95698 | Temple   | XOM: stat loss: -1 Str (4/8)
 96660 | Temple   | XOM is BORED!
 97015 | Temple   | XOM: give mutation
 97015 | Temple   | Lost mutation: You are resistant to electric shocks. (rElec) [Xom's mischief]
 98215 | Temple   | XOM: medium Ice miscast
 99152 | Temple   | XOM: summons 2 hostile demons
 99209 | D:7      | XOM: harmless Conj miscast
 99244 | D:7      | XOM: harmless Hex miscast
 99294 | Temple   | XOM: noise
 99530 | Temple   | XOM: harmless Tmut miscast
 99713 | Temple   | XOM: summons 2 hostile demons
 99753 | Temple   | Fell from the grace of Xom
 99753 | Temple   | Became a worshipper of Gozag Ym Sagoz the Greedy
 99905 | Orc:1    | XOM: 7-stop teleportation journey
100984 | Orc:1    | Bought a scroll labeled JIRCHI ERHITOSI for 30 gold pieces
100984 | Orc:1    | Bought a bubbling inky potion for 27 gold pieces
100984 | Orc:1    | Bought a runed spear for 180 gold pieces
101097 | Lair:1   | Entered Level 1 of the Lair of Beasts
101111 | Lair:1   | XOM: give mutations
101111 | Lair:1   | Gained mutation: You are very frail. (-20% HP) [Xom's mischief]
101111 | Lair:1   | Lost mutation: Your spells are a little harder to cast, but a little more powerful. [Xom's mischief]
101111 | Lair:1   | Lost mutation: You are very frail. (-20% HP) [Xom's mischief]
101423 | Lair:1   | Reached skill level 10 in Dodging
102003 | Lair:1   | XOM: give mutations
102003 | Lair:1   | Gained mutation: You possess an exceptional clarity of mind. [Xom's mischief]
102003 | Lair:1   | Gained mutation: You are very frail. (-20% HP) [Xom's mischief]
102011 | Lair:1   | Reached XP level 14. HP: 77/77 MP: 18/20
103115 | Lair:2   | XOM: give mutations
103115 | Lair:2   | Gained mutation: You are clumsy. (Dex -2) [Xom's mischief]
103115 | Lair:2   | Lost mutation: You are clumsy. (Dex -2) [Xom's mischief]
103382 | Lair:2   | Found a staircase to the Swamp.
103382 | Lair:2   | XOM: give mutations
103382 | Lair:2   | Lost mutation: You possess an exceptional clarity of mind. [Xom's mischief]
103382 | Lair:2   | Lost mutation: You have a pair of small antennae on your head. [Xom's mischief]
103382 | Lair:2   | Lost mutation: You are very frail. (-20% HP) [Xom's mischief]
103382 | Lair:2   | Lost mutation: You are frail. (-10% HP) [Xom's mischief]
103482 | Lair:2   | XOM: medium Hex miscast
103794 | Lair:3   | Reached skill level 10 in Fighting
103961 | Lair:3   | XOM: mild Fire miscast
103994 | Lair:3   | Found a staircase to the Snake Pit.
104669 | Lair:4   | XOM: severe Chrm miscast
105134 | Lair:4   | Noticed Sonja
105141 | Lair:4   | Noticed Harold
105163 | Lair:4   | Killed Harold
105180 | Lair:4   | Killed Sonja
105739 | Lair:5   | Got a steaming glaive
105741 | Lair:5   | Identified the cursed +0 glaive of Pain and Death {venom, rElec rF+++ Str-3 SInv} (You found it on level 5 of the Lair of Beasts)
105769 | Lair:5   | Found a staircase to the Slime Pits.
106070 | Lair:5   | XOM: chaos cloud
106241 | Lair:5   | XOM: polymorph bullfrog -> killer bee
106460 | Lair:5   | XOM: summons 1 hostile demon
106474 | Lair:5   | XOM: god gift: phial of floods
106926 | Lair:6   | Entered Level 6 of the Lair of Beasts
106954 | Lair:6   | XOM: enchant monster (bad)
107463 | Lair:6   | Reached XP level 15. HP: 94/108 MP: 22/22
108651 | Lair:6   | XOM: mild Erth miscast
109679 | Lair:6   | XOM: god gift: book of Misfortune
109788 | Lair:5   | XOM: polymorph polar bear -> redback
109987 | Orc:2    | Entered Level 2 of the Orcish Mines
110031 | Orc:2    | Found a bloodstained altar of Trog.
110964 | D:14     | Found a shadowy altar of Dithmenos.
111291 | D:14     | XOM: mild Tmut miscast
111452 | D:14     | XOM: summons 14 hostile demons
111835 | D:14     | XOM: summons 4 hostile shadow creatures
112429 | D:14     | Noticed a fire giant
112465 | D:14     | Killed a fire giant
112538 | D:14     | Reached XP level 16. HP: 20/120 MP: 23/23
112685 | D:14     | XOM: medium Erth miscast
112706 | D:14     | XOM: mild Necr miscast
113038 | D:14     | XOM: mild Air miscast
113038 | D:14     | Was forgiven by Xom
113094 | D:14     | Got a glittering marble ring
113095 | D:14     | Identified the ring of Uhad {Fire rPois} (You found it on level 14 of the Dungeon)
113191 | D:15     | Entered Level 15 of the Dungeon
113206 | D:15     | Noticed Urug
113241 | D:15     | Killed Urug
113646 | Swamp:1  | Entered Level 1 of the Swamp
113933 | Swamp:1  | Reached skill level 15 in Fighting
113934 | Swamp:1  | Noticed Kirke
114028 | Swamp:1  | Noticed Josephine
114047 | Swamp:1  | Killed Josephine
114491 | Swamp:1  | Killed Kirke
115113 | Swamp:2  | Noticed a thorn hunter
115135 | Swamp:2  | Killed a thorn hunter
116439 | Lair:5   | Bought the ring of Puring {Slay+4 Stlth+} for 536 gold pieces
116775 | Swamp:3  | Noticed a thorn hunter
116785 | Swamp:3  | Killed a thorn hunter
117208 | Swamp:3  | Reached XP level 17. HP: 109/131 MP: 24/24
117403 | Swamp:4  | Entered Level 4 of the Swamp
119355 | Snake:1  | Entered Level 1 of the Snake Pit
119384 | Snake:1  | Found Peantemi's Assorted Antiques.
119460 | Snake:1  | Bought a glowing fustibalus for 630 gold pieces
119462 | Snake:1  | Identified a scroll of acquirement
119995 | Snake:1  | Noticed Aizul
120014 | Snake:1  | Killed Aizul
120569 | Snake:2  | Found Mecvuz's Distillery.
120944 | Snake:2  | Reached skill level 10 in Shields
121602 | Snake:3  | Reached XP level 18. HP: 139/139 MP: 25/25
121649 | Snake:3  | Learned a level 5 spell: Summon Forest
121653 | Snake:3  | Learned a level 3 spell: Ignite Poison
121657 | Snake:3  | Learned a level 3 spell: Mephitic Cloud
121724 | Snake:3  | Reached skill level 1 in Air Magic
121845 | Snake:3  | Reached skill level 1 in Summonings
121860 | Snake:3  | Reached skill level 1 in Fire Magic
121922 | Snake:3  | Reached skill level 1 in Poison Magic
122078 | Snake:3  | Reached skill level 1 in Spellcasting
122614 | Snake:3  | Reached skill level 1 in Translocations
122994 | Snake:3  | Bought a glowing hunting sling for 153 gold pieces
123196 | Lair:5   | Bought the ring of Kadaetsu {MR+ Str+3 Int+4} for 607 gold pieces
123494 | Temple   | Fell from the grace of Gozag
123494 | Temple   | Became a worshipper of Cheibriados the Contemplative
123845 | Snake:4  | Entered Level 4 of the Snake Pit
124362 | Snake:4  | Reached * piety under Cheibriados
124918 | Snake:4  | Reached ** piety under Cheibriados
125544 | Snake:4  | Reached *** piety under Cheibriados
125544 | Snake:4  | Reached skill level 5 in Poison Magic
126443 | Snake:4  | Reached XP level 19. HP: 88/144 MP: 26/26
126468 | Snake:4  | Got a serpentine rune of Zot
126679 | Snake:4  | Reached **** piety under Cheibriados
126717 | Snake:4  | Reached skill level 5 in Fire Magic
126772 | Snake:4  | Reached skill level 5 in Air Magic
127341 | D:15     | Reached skill level 5 in Spellcasting
127599 | D:15     | Found a burning altar of Makhleb.
127601 | D:15     | Found a glowing golden altar of the Shining One.
127620 | D:15     | Found a stormy altar of Qazlal.
127648 | D:15     | Reached ***** piety under Cheibriados
127648 | D:15     | Reached skill level 1 in Invocations
128041 | D:15     | HP: 1/144 [something (16)]
128378 | D:15     | Got a wavering amber ring
128633 | D:15     | Reached ****** piety under Cheibriados
128660 | D:15     | Gained mutation: Your flesh is very heat resistant. (rF++) [mutagenic meat]
128907 | D:15     | Gained mutation: Your mind is acute. (Int +2) [mutagenic meat]
128930 | D:15     | Identified Emilominat's Almanac of Creative Evil Magic
128946 | D:15     | Learned a level 5 spell: Aura of Abjuration
128980 | D:15     | Learned a level 4 spell: Animate Dead
129049 | D:15     | Identified the ring of Xom's Whimsicality {rF+ rC+ rN+ SInv} (You took it off a death knight on level 15 of the Dungeon)
129128 | D:15     | Lost mutation: Your mind is acute. (Int +2) [mutagenic meat]
129129 | D:15     | Gained mutation: You expend magic power (3 MP) to strengthen your wands. [mutagenic meat]
129134 | D:15     | Gained mutation: Your natural rate of healing is unusually fast. [mutagenic meat]
129393 | D:15     | Found a staircase to the Depths.
129634 | Vaults:1 | Entered Level 1 of the Vaults
129658 | Vaults:1 | Reached skill level 1 in Long Blades
129705 | Vaults:1 | Reached skill level 5 in Invocations
129780 | Vaults:1 | Found Syvi's Food Shoppe.
129914 | Vaults:1 | Found a sacrificial altar of Ru.
130109 | Vaults:1 | Reached skill level 5 in Translocations
130247 | Vaults:1 | Reached XP level 20. HP: 151/151 MP: 30/30
130584 | Vaults:1 | Reached skill level 5 in Summonings
130727 | Vaults:1 | Was forgiven by Gozag
131000 | Vaults:1 | Reached skill level 5 in Long Blades
131301 | Vaults:1 | Gained mutation: Your spells are a little harder to cast, but a little more powerful. [mutagenic meat]
131302 | Vaults:1 | Gained mutation: You are agile. (Dex +2) [mutagenic meat]
131642 | Vaults:2 | Gained mutation: Your flesh is cold resistant. (rC+) [mutagenic meat]
131643 | Vaults:2 | Lost mutation: You expend magic power (3 MP) to strengthen your wands. [mutagenic meat]
132726 | Vaults:2 | Found a shimmering altar of Xom.
132996 | Vaults:2 | Lost mutation: Your flesh is cold resistant. (rC+) [mutagenic meat]
133076 | Vaults:2 | Reached XP level 21. HP: 156/156 MP: 33/33
133721 | Orc:2    | Found a staircase to the Elven Halls.
133879 | D:8      | Fell from the grace of Cheibriados
133879 | D:8      | Became a worshipper of Zin the Law-Giver
133879 | D:8      | Reached * piety under Zin
133879 | D:8      | Reached ** piety under Zin
134198 | Orc:2    | Found Xiorru's Antique Weapon Shoppe.
134622 | Orc:2    | Reached skill level 10 in Long Blades
134651 | Orc:2    | Found Woakerhefro's Antique Weapon Emporium.
134668 | Orc:2    | Found Iddenny's Food Emporium.
134669 | Orc:2    | Found Juruy's Antique Armour Shop.
135035 | Elf:1    | Entered Level 1 of the Elven Halls
135232 | Elf:1    | Reached *** piety under Zin
135403 | D:8      | Bought a potion of curing for 36 gold pieces
135403 | D:8      | Bought a potion of haste for 120 gold pieces
135403 | D:8      | Bought a potion of heal wounds for 60 gold pieces
135403 | D:8      | Bought a potion of heal wounds for 60 gold pieces
135623 | Snake:2  | Bought a potion of curing for 60 gold pieces
135623 | Snake:2  | Bought a potion of curing for 60 gold pieces
135623 | Snake:2  | Bought a potion of haste for 200 gold pieces
135623 | Snake:2  | Bought a potion of heal wounds for 100 gold pieces
135623 | Snake:2  | Bought a potion of heal wounds for 100 gold pieces
135623 | Snake:2  | Bought a potion of heal wounds for 100 gold pieces
135623 | Snake:2  | Bought a potion of heal wounds for 100 gold pieces
135968 | Elf:1    | Found Miofruv's Jewellery Boutique.
136002 | Elf:1    | Noticed Donald
136031 | Elf:1    | Killed Donald
136031 | Elf:1    | Reached skill level 10 in Invocations
136271 | Elf:1    | Shot with an arrow by a deep elf archer

Vault maps used:
D:1:      onia_arrival_zoo_common, kennysheep_another_room
D:3:      first_bread, hangedman_ru_absence, uniq_crazy_yiuf_cottage
D:4:      nicolae_qazlal_general_emergency, minitemple, okawaru_gym_becter
D:5:      basic_altar
D:7:      minmay_temple_entry_enclosed_plants, enter_bailey_3, tso_metal_star
D:8:      overflow_temple_1_default, grunt_temple_overflow_diamond,
          serial_shops, nicolae_shop_crystal, nicolae_shop_waterfront,
          shop_fountains, kennysheep_generic_room_3
D:9:      orc_0_dummy, serial_ice, serial_ice_i, serial_ice_f, serial_ice_m,
          serial_ice_e, uniq_psyche, uniq_joseph
D:10:     hangedman_cross_cluster, hangedman_stone_soup, uniq_erolcha
D:11:     lair_entry_dummy, uniq_gastronok
D:13:     grunt_vaults_entry_fortified
D:14:     evilmike_diamond_1, grunt_dithmenos_smoke_and_mirrors
D:15:     hangedman_slaughterboxes, serial_shops, uniq_urug
Temple:   minmay_temple_forest_path
Lair:1:   roderic_batcave, serial_bayou_pond_c
Lair:2:   minmay_swamp_entry_eels
Lair:3:   guppyfry_snake_entry_garden, st_stairs_8, serial_bayou_lake_a
Lair:4:   uniq_harold, uniq_sonja
Lair:5:   nicolae_slime_entry_slimehenge, pond
Lair:6:   evilmike_catoblepas_cave, minivault_27
Swamp:1:  nicolae_swamp_feature_on_the_river_bank, uniq_kirke, uniq_josephine
Swamp:2:  nicolae_swamp_trees_clearing
Swamp:3:  infiniplex_staircase_pool
Swamp:4:  swamp_pestilence, swamp_pool4
Snake:1:  serial_shops, shop, uniq_aizul
Snake:2:  serial_shops, shop
Snake:3:  guppyfry_library_mini
Snake:4:  minmay_snake_end_coiled
Orc:2:    st_orc_open, nicolae_orc_pool_cavern, bloody_trog
Elf:1:    elf_arrival_001, serial_shops, shop, minmay_elf_annihilation,
          uniq_donald
Vaults:1: v_misc_22, vaults_mumra_minichess_inversion,
          ontoclasm_vaults_shuriken, nicolae_vaults_network_quinsquares,
          grunt_vaults_twisty, ontoclasm_vaults_ligature, vaults_mumra_hex,
          v_alt_pattern_6, v_rooms_3, basic_altar, serial_shops, shop
Vaults:2: vaults_room_fours, vaults_dpeg_spiral, vaults_dpeg_doors,
          nicolae_vaults_shelves_hall, nicolae_vaults_little_squares_6,
          basic_altar
Vaults:3: nicolae_vaults_three_branches, v_misc_11, v_misc_33, v_pattern_3,
          vaults_standard_mumra_lines, nicolae_vaults_circle_grid_b,
          serial_ice_b, grunt_vaults_focal, v_misc_1, nicolae_vaults_theta,
          dummy_crypt_entry, nicolae_trove_entry_columns
Abyss:1:  hangedman_elemental_corridor, evilmike_abyss_exit_15
Bailey:   bailey_axe_4, bailey

Skill      XL: |  1  2  3  4  5  6  7  8  9 10 11 12 13 14 15 16 17 18 19 20 21 |
---------------+----------------------------------------------------------------+-----
Stealth        | 2 5 7 8 10 12 14 17 18 | 18.2
Fighting       | 4 6 8 9 11 14 16 17 | 17.2
Dodging        | 4 6 8 10 11 12 | 12.8
Shields        | 5 11 12 13 14 | 14.3
Slings         | 6 9 10 11 13 | 13.1
Evocations     | 8 9 |  9.9
Air Magic      | 4 5 |  5.2
Summonings     | 3 4 6 |  6.0
Fire Magic     | 4 5 |  5.2
Poison Magic   | 5 6 |  6.2
Spellcasting   | 4 6 8 |  8.5
Translocations | 2 5 6 |  6.2
Invocations    | 5 8 10 | 10.4
Long Blades    | 2 8 11 | 11.8
Short Blades   | |  1.0

Action                   |  1- 3 |  4- 6 |  7- 9 | 10-12 | 13-15 | 16-18 | 19-21 || total
-------------------------+-------+-------+-------+-------+-------+-------+-------++-------
Melee: Short sword       |    17 |    31 |   248 |   638 |   316 |     2 |       ||  1252
       Constrict         |     6 |     7 |    54 |    84 |    42 |     4 |    18 ||   215
       Tentacles         |     5 |     9 |    36 |   143 |    67 |    13 |    32 ||   305
       Mace              |       |       |    21 |       |       |       |       ||    21
       Kick              |       |       |     7 |   166 |    46 |       |       ||   219
       Unarmed           |       |       |       |     9 |       |       |       ||     9
       Spear             |       |       |       |       |    23 |    45 |       ||    68
       Hunting sling     |       |       |       |       |       |     1 |       ||     1
       Scimitar          |       |       |       |       |       |       |    75 ||    75
 Fire: Blowgun           |       |       |     6 |       |    10 |       |       ||    16
       Hunting sling     |       |       |       |       |  1881 |  2488 |  2215 ||  6584
Throw: Stone             |       |       |       |     1 |       |       |       ||     1
 Cast: Mephitic Cloud    |       |       |       |       |       |       |     7 ||     7
Invok: Call Merchant     |       |       |       |       |     5 |     2 |       ||     7
       Potion Petition   |       |       |       |       |       |     1 |       ||     1
       Slouch            |       |       |       |       |       |       |     4 ||     4
       Recite            |       |       |       |       |       |       |     1 ||     1
Evoke: Wand              |     3 |    10 |    53 |    57 |   104 |    43 |    12 ||   282
       Box of beasts     |       |       |     1 |     2 |       |       |       ||     3
       Fan of gales      |       |       |       |       |     2 |     1 |       ||     3
       Phial of floods   |       |       |       |       |     2 |     4 |     2 ||     8
  Use: Scroll            |       |     4 |     8 |    10 |    31 |    11 |     6 ||    70
       Potion            |       |       |     6 |     9 |    13 |     7 |     2 ||    37
 Stab: Sleeping          |     2 |     1 |    18 |    65 |    14 |     2 |    10 ||   112
       Paralysed         |       |       |     1 |    18 |     5 |       |       ||    24
       Distracted        |       |       |       |     6 |     5 |       |     1 ||    12
       Invisible         |       |       |       |     9 |       |       |       ||     9
       Confused          |       |       |       |     6 |     8 |    10 |       ||    24
  Eat: Chunk             |       |     1 |    49 |   142 |    23 |       |    47 ||   262
       Bread ration      |       |       |     2 |     1 |     2 |     2 |     2 ||     9
       Meat ration       |       |       |     1 |       |     9 |     5 |       ||    15
       Royal jelly       |       |       |       |    18 |     6 |     2 |       ||    26
       Fruit             |       |       |       |       |    11 |     6 |       ||    17
Armor: Skin              |     2 |     2 |    71 |    91 |   151 |    47 |    47 ||   411
Dodge: Dodged            |    12 |    18 |   200 |   424 |   667 |   334 |   448 ||  2103
Block: Buckler           |       |       |       |   135 |   203 |    68 |       ||   406
       Shield            |       |       |       |       |       |   221 |   659 ||   880
       Rpst.: Scimitar   |       |       |       |       |       |       |     9 ||     9
